 Dungeon Crawl Stone Soup version 0.28.0-43-g3370ac3207 (webtiles) character file.

Game seed: 15335115664469024044

3952 issech the Basher (level 10, -11/88 HPs)
             Began as a Troll Monk on Mar 29, 2022.
             Was an Elder of Hepliaklqana.
             Mangled by a gargoyle
             ... wielding a +0 morningstar
              (16 damage)
             ... in a bailey.
             The game lasted 00:30:34 (7332 turns).

issech the Basher (Troll Monk)                      Turns: 7332, Time: 00:30:34

Health: -11/88     AC:  6    Str: 21    XL:     10   Next: 2%
Magic:  9/9        EV: 12    Int:  6    God:    Hepliaklqana [****..]
Gold:   282        SH:  0    Dex: 16    Spells: 9/9 levels left

rFire   + . .      SeeInvis .   J - +6 great mace
rCold   . . .      Faith    .   (shield currently unavailable)
rNeg    + . .      Spirit   .   v - +2 robe {rF+}
rPois   .          Reflect  .   (helmet restricted)
rElec   .          Harm     .   (no cloak)
rCorr   .          Rampage  .   (gloves unavailable)
Will    .....                   (boots unavailable)
Stlth   ++........              (no amulet)
HPRegen 1.04/turn               e - ring of positive energy
MPRegen 0.11/turn               o - ring of wizardry

@: no status effects
A: reduced essence, large, unfitting armour, claws 3, regeneration 1, shaggy fur
1, tough skin 1
a: Renounce Religion, Recall Ancestor, Ancestor Identity, Transference, Idealise


You were in a bailey.
You worshipped Hepliaklqana.
Hepliaklqana was greatly pleased with you.
You visited 2 branches of the dungeon, and saw 8 of its levels.
You also visited: Bailey.

You collected 342 gold pieces.
You spent 60 gold pieces at shops.

Inventory:

Hand Weapons
 a - a +0 mace
 f - a +0 whip of freezing
 k - a +3 short sword
 n - a +0 morningstar
 r - a +0 flail
 x - a +0 giant spiked club of freezing
 H - a +1 vampiric hand axe
 I - a +2 dagger of freezing
 J - a +6 great mace (weapon)
 L - a +0 giant spiked club
Missiles
 g - 89 arrows
 l - 14 sling bullets
 m - 59 stones (quivered)
 q - 3 boomerangs
 t - a throwing net
 y - 42 bolts
 B - 5 poisoned darts
 F - 4 datura-tipped darts
Armour
 b - a +0 robe
 v - a +2 robe of fire resistance (worn)
 G - a scarf of harm
Magical Staves
 C - a staff of earth
Jewellery
 e - a ring of positive energy (left claw)
 o - a ring of wizardry (right claw)
Wands
 u - a wand of flame (30)
 E - a wand of acid (6)
 N - a wand of iceblast (6)
Scrolls
 c - 2 scrolls of magic mapping
 i - 2 scrolls of teleportation
 j - a scroll of fear
 p - a scroll of vulnerability
 z - 3 scrolls of enchant armour
 K - a scroll of amnesia
 M - a scroll of noise {unknown}
Potions
 d - a potion of cancellation {unknown}
 h - 3 potions of curing {unknown}
 s - 2 potions of invisibility {unknown}
 w - 2 potions of might {unknown}
 A - 2 potions of heal wounds {unknown}
 D - a potion of brilliance {unknown}
 O - a potion of mutation {unknown}


   Skills:
 + Level 5.6 Fighting
 + Level 10.1 Maces & Flails
 + Level 5.3 Dodging
 + Level 3.4 Stealth


You had 9 spell levels left.
You didn't know any spells.
Your spell library contained the following spells:

 Spells                   Type           Power      Damage    Failure   Level
 Shock                    Conj/Air       0%         1d3       21%         1
 Dazzling Flash           Conj/Hex       0%         N/A       50%         3
 Swiftness                Air            0%         N/A       50%         3
 Airstrike                Air            0%         N/A       86%         4
 Iskenderun's Mystic Bla  Conj/Tloc      0%         2d3       86%         4
 Starburst                Conj/Fire      0%         6d3       100%        6
 Borgnjor's Revivificati  Necr           0%         N/A       100%        8
 Necromutation            Tmut/Necr      0%         N/A       100%        8
 Death's Door             Necr           0%         N/A       100%        9


Dungeon Overview and Level Annotations

Branches:
Dungeon (7/15)             Temple (1/1) D:4          Bailey (1/1)

Altars:
Cheibriados
Fedhas
Gozag
Hepliaklqana
Kikubaaqudgha
Makhleb
Nemelex Xobeh
Okawaru
Qazlal
Sif Muna
Trog
Uskayaw
Vehumet
Wu Jian
Xom
Yredelemnul
Zin
The Shining One

Shops:
D:2 (?   D:3 (!(([


Innate Abilities, Weirdness & Mutations

Your life essence is reduced to manifest your ancestor. (-10% HP)
You are too large for most types of armour.
You have claws for hands.
Your natural rate of healing is unusually fast.
You are covered in fur. (AC +1)
You have tough skin. (AC +1)


Message History

The orc zombie misses you.
You see here a +0 halberd.
You sock the orc zombie!
You destroy the orc zombie!
The orc zombie hits you but does no damage.
The orc zombie barely misses you.
You see here a +0 spear.
You hit the orc zombie.
The orc zombie is moderately damaged.
The orc zombie barely misses you.
Edwyna barely misses the orc zombie.
You barely miss the orc zombie.
The orc zombie is moderately damaged.
The orc zombie closely misses you.
Edwyna hits the orc zombie with a +0 quarterstaff!
The orc zombie is destroyed!
You see here a +0 spear.
You swap places.
You see here a +0 spear.
You see here a +0 spear.
You see here a +0 halberd.
You see here a +0 spear.
A gargoyle comes into view. It is wielding a +0 morningstar.
The gargoyle hurls a stone arrow at you.
The stone arrow misses you.
The gargoyle hurls a stone arrow at you.
The stone arrow hits you!!
The gargoyle hits you with a +0 morningstar!!
You barely miss the gargoyle. The gargoyle misses you.
You hit the gargoyle but do no damage.
The gargoyle hits you with a +0 morningstar!
Edwyna hits the gargoyle but does no damage.
The gargoyle hurls a stone arrow at you.
The stone arrow hits you!!
* * * LOW HITPOINT WARNING * * *
Unknown command.
Okay, then.
You closely miss the gargoyle.
Edwyna hits the gargoyle with a +0 quarterstaff!!
The gargoyle hits you with a +0 morningstar!
You die...

##### #...# ####
#÷..####
#..#####.÷)'..#####
#..#8..#####..#....
+.9#.......##'#...)
+R@#...............
#..#......♣......##
##..#.....♣.........
##...#......♣........
###....##.....)......##
#8...)).##............#
#...##)..##........♣..+
#..##....#.....♣......#
#..#....##.....♣....♣.#


You could see the friendly Edwyna the battlemage and a gargoyle (ally target).

Vanquished Creatures
  Pikel (D:5)
  A steam dragon (D:6)
  A water moccasin (D:5)
  An ice beast (D:6)
  A sky beast (D:7)
  A hornet zombie (D:6)
  4 ogres
  2 necrophages (D:6)
  A phantom (D:4)
  Blork the orc (D:4)
  A scorpion (D:5)
  A water moccasin zombie (D:5)
  2 water moccasin skeletons
  A howler monkey (D:5)
  A centaur zombie (D:6)
  A hound (D:5)
  An orc priest (D:5)
  A centaur skeleton (D:4)
  A gnoll shaman (D:6)
  Natasha (D:3)
  A howler monkey zombie (D:7)
  6 adders
  An ufetubus (D:5)
  An adder skeleton (D:4)
  4 worms
  The ghost of WaxSun the Sneak, a weakling HuDe (D:5)
  A dart slug (D:3)
  21 orcs
  10 endoplasms
  8 giant cockroaches
  6 goblins
  2 hobgoblins
  3 kobolds
  A quokka (D:2)
  6 ball pythons
  A bat (D:3)
  3 frilled lizards
  5 orc zombies (Bailey)
  3 rats
109 creatures vanquished.

Vanquished Creatures (collateral kills)
  The ghost of croobank the Skirmisher, an amateur HOFi (D:4)
  Eustachio (D:5)
  Menkaure (D:6)
  An orc warrior (D:5)
  A black bear (D:6)
  A centaur (D:5)
  3 ogres
  A lemure (D:5)
  A bullfrog (D:7)
  2 scorpions
  A killer bee (D:5)
  A centaur zombie (D:6)
  A bullfrog zombie (D:5)
  3 hounds
  An orc priest (D:5)
  3 bullfrog skeletons (D:5)
  An iguana (D:5)
  An orc wizard (D:4)
  A howler monkey zombie (D:6)
  7 adders
  3 gnolls
  A white imp (D:5)
  2 ufetubi (D:5)
  9 orcs
  A ball python (D:4)
  An endoplasm (D:3)
  3 hobgoblins
  A kobold (D:4)
  2 quokkas
  4 goblins (D:7)
  2 orc zombies (Bailey)
  2 rats (D:2)
64 creatures vanquished.

Grand Total: 173 creatures vanquished

Notes
Turn   | Place    | Note
-------+----------+-------------------------------------------
     0 | D:1      | issech the Troll Monk began the quest for the Orb.
     0 | D:1      | Reached XP level 1. HP: 22/22 MP: 0/0
    28 | D:1      | Found a faded altar of an unknown god.
   402 | D:1      | Reached XP level 2. HP: 29/29 MP: 1/1
   828 | D:2      | Reached skill level 3 in Maces & Flails
   849 | D:2      | You fall into a shaft and drop 2 floors!
   890 | D:4      | Found a runed translucent door.
   890 | D:4      | Noticed croobank's ghost (amateur HOFi)
   959 | D:4      | Reached XP level 3. HP: 22/36 MP: 2/2
  1046 | D:4      | Reached XP level 4. HP: 33/45 MP: 3/3
  1148 | D:4      | Noticed a phantom
  1162 | D:4      | Killed a phantom
  1163 | D:4      | Reached skill level 4 in Maces & Flails
  1163 | D:4      | Reached XP level 5. HP: 37/53 MP: 4/4
  1181 | D:4      | Found a staircase to the Ecumenical Temple.
  1190 | Temple   | Entered the Ecumenical Temple
  1196 | Temple   | Became a worshipper of Hepliaklqana the Forgotten
  1196 | Temple   | Reached * piety under Hepliaklqana
  1196 | Temple   | Reached ** piety under Hepliaklqana
  1197 | Temple   | Remembered your ancestor Edwyna as a battlemage
  1288 | D:4      | Noticed Blork the orc
  1297 | D:4      | Killed Blork the orc
  1298 | D:4      | Reached XP level 6. HP: 34/54 MP: 5/5
  1549 | D:4      | Reached skill level 5 in Maces & Flails
  1811 | D:4      | Killed croobank's ghost
  1812 | D:4      | Reached XP level 7. HP: 39/63 MP: 6/6
  1889 | D:3      | Found Yhee's Distillery.
  1980 | D:3      | Reached skill level 6 in Maces & Flails
  2235 | D:3      | Found Xodghanucw's Weapon Boutique.
  2445 | D:3      | Found Lyruaraus's Armour Shop.
  2588 | D:3      | Found Pidy's Antique Weapon Boutique.
  2640 | D:3      | Noticed Natasha
  2646 | D:3      | Killed Natasha
  3101 | D:3      | Found Onoeni's Weapon Emporium.
  3673 | D:2      | Reached *** piety under Hepliaklqana
  3693 | D:2      | Found Ofuv's Antique Weapon Emporium.
  3754 | D:2      | Found Adir's Magic Scroll Boutique.
  3759 | D:2      | Bought a scroll of identify for 20 gold pieces
  3770 | D:2      | Bought a scroll of identify for 20 gold pieces
  3770 | D:2      | Bought a scroll of identify for 20 gold pieces
  4110 | D:5      | Entered Level 5 of the Dungeon
  4127 | D:5      | Noticed Pikel
  4135 | D:5      | Killed Pikel
  4136 | D:5      | Reached skill level 7 in Maces & Flails
  4136 | D:5      | Reached XP level 8. HP: 36/71 MP: 7/7
  4190 | D:5      | Found a basalt altar of Yredelemnul.
  4193 | D:5      | Found a transporter.
  4194 | D:5      | Noticed WaxSun's ghost (weakling HuDe)
  4200 | D:5      | Found a transporter.
  4544 | D:5      | Noticed Eustachio
  4595 | D:5      | Reached skill level 8 in Maces & Flails
  4603 | D:5      | Killed Eustachio
  4693 | D:5      | Reached XP level 9. HP: 8/78 MP: 8/8
  5015 | D:5      | Reached skill level 5 in Fighting
  5292 | D:5      | Found a burning altar of Makhleb.
  5378 | D:6      | Reached skill level 9 in Maces & Flails
  5698 | D:6      | Reached skill level 5 in Dodging
  5839 | D:6      | Reached **** piety under Hepliaklqana
  5847 | D:6      | Noticed Menkaure
  5850 | D:6      | Killed Menkaure
  6627 | D:5      | Reached skill level 10 in Maces & Flails
  6629 | D:5      | Killed WaxSun's ghost
  7144 | D:7      | Reached XP level 10. HP: 88/88 MP: 9/9
  7184 | D:7      | Found a flagged portal.
  7192 | Bailey   | Entered a bailey
  7325 | Bailey   | Noticed a gargoyle
  7331 | Bailey   | HP: 4/88 [gargoyle/stone arrow (27)]
  7332 | Bailey   | Mangled by a gargoyle

Illustrated notes

Levels and vault maps discovered:
D:1:      tarquinn_simple_flora_water_d, layout_basic,
          dreamdust_ecumenical_altar_statues
D:2:      layout_loops_ring, serial_shops, shop, nicolae_shop_hallway_plus
D:3:      layout_basic, serial_shops, nicolae_square_shop, shop_fountains, shop,
          shop, nicolae_shop_behind_doors, roderic_serpentine_path,
          amcnicky_mini_pool_small, uniq_natasha
D:4:      layout_loops_ring, minmay_temple_entry_tees, gammafunk_ghost_grave,
          minmay_misc_feat_chi, uniq_blork_the_orc
D:5:      kennysheep_windowed_halls, layout_basic, lightli_temple_of_fire,
          kennysheep_mini, gammafunk_ghost_smash, uniq_eustachio, uniq_pikel
D:6:      layout_layer_cave, uniq_menkaure
D:7:      layout_basic, enter_bailey_3, serial_shops, nicolae_shop_waterfront,
          minivault_1
Temple:   nicolae_temple_x_marks_the_god
Bailey:   bailey_polearm_vampire_castle_hellmonk, bailey

Skill      XL: |  1  2  3  4  5  6  7  8  9 |
---------------+----------------------------+-----
Maces & Flails | 3 4 5 7 8 10 | 10.1
Fighting       | 3 4 5 |  5.6
Dodging        | 3 4 5 |  5.3
Stealth        | 2 3 |  3.4

Action                   |  1- 3 |  4- 6 |  7- 9 | 10-12 || total
-------------------------+-------+-------+-------+-------++-------
Melee: Mace              |    73 |    18 |       |       ||    91
       Morningstar       |       |    48 |     2 |       ||    50
       Punch             |       |     1 |       |       ||     1
       Giant spiked club |       |       |   174 |       ||   174
       Great mace        |       |       |     6 |    15 ||    21
Invok: Ancestor Life: Ba |       |     1 |       |       ||     1
       Recall Ancestor   |       |       |       |     1 ||     1
  Use: Scroll            |       |       |     9 |       ||     9
 Stab: Sleeping          |     1 |     1 |     9 |     1 ||    12
       Distracted        |       |       |     4 |       ||     4
Armor: Robe              |    20 |    19 |    89 |     8 ||   136
Dodge: Dodged            |    40 |    26 |   140 |    11 ||   217
